 Seeded DCSS version 0.30-a0-137-gd8773701ce (webtiles) character file.

Game seed: 13425274819909471 (custom seed)

247 SigmundSlayer the Digger (level 6, -10/32 HPs)
             Began as a Gargoyle Earth Elementalist on Sept 21, 2022.
             Was a Believer of Zin.
             Mangled by Sigmund
             ... wielding a +4 scythe
              (14 damage)
             ... on level 3 of the Dungeon.
             The game lasted 00:03:14 (2707 turns).

SigmundSlayer the Digger (GrEE)                     Turns: 2707, Time: 00:03:15

Health: -10/32     AC:  6    Str: 14    XL:     6   Next: 11%
Magic:  9/9        EV: 11    Int: 15    God:    Zin [**....]
Gold:   115        SH:  0    Dex: 10    Spells: 8/9 levels left

rFire   + . .      SeeInvis .    (no weapon)
rCold   + + .      Faith    .    (no shield)
rNeg    + . .      Spirit   .    a - +0 robe
rPois   ∞          Reflect  .    (no helmet)
rElec   +          Harm     .    (no cloak)
rCorr   +          Rampage  .    (no gloves)
Will    .....                    (no boots)
Stlth   ++........               (no amulet)
HPRegen 0.10/turn                g - ring of protection from cold
MPRegen 0.11/turn                (no ring)

@: resistant, attractive
A: sickness immunity, AC +4, negative energy resistance 1, electricity
resistance, torment resistance 1, petrification resistance
a: Renounce Religion, Recite, Vitalisation, Donate Gold


You were on level 3 of the Dungeon.
You worshipped Zin.
Zin was pleased with you.
You visited 1 branch of the dungeon, and saw 3 of its levels.

You collected 127 gold pieces.
You donated 12 gold pieces to Zin.

Inventory:

Armour
 a - a +0 robe (worn)
 c - a +0 tower shield
Jewellery
 g - a ring of protection from cold (left hand)
Scrolls
 b - a scroll of enchant armour {unknown}
 i - a scroll of teleportation {unknown}
 l - a scroll of enchant weapon {unknown}
Potions
 f - a potion of brilliance {unknown}
 h - 3 potions of curing {unknown}
 j - a potion of lignification {unknown}
 k - a potion of heal wounds {unknown}
 m - a potion of ambrosia {unknown}


   Skills:
 - Level 1.5 Dodging
 - Level 2.1 Stealth
 - Level 2.0 Spellcasting
 - Level 0.7 Transmutations
 + Level 6.8 Earth Magic
 + Level 3.5 Invocations


You had 8 spell levels left.
You knew the following spells:

 Your Spells              Type           Power      Damage    Failure   Level
a - Sandblast             Erth           42%        2d11      1%          1

Your spell library contained the following spells:

 Spells                   Type           Power      Damage    Failure   Level
 Passwall                 Tmut/Erth      10%        N/A       7%          2
 Stone Arrow              Conj/Erth      22%        3d8       17%         3
 Slow                     Hex            4%         N/A       22%         1
 Blink                    Tloc           2%         N/A       32%         2
 Petrify                  Tmut/Erth      12%        N/A       43%         4
 Animate Armour           Summ/Erth      22%        N/A       50%         4
 Confusing Touch          Hex            1%         N/A       54%         3
 Vampiric Draining        Necr           1%         2d6       54%         3
 Manifold Assault         Tloc           1%         N/A       91%         4
 Storm Form               Tmut/Air       1%         N/A       100%        7
 Lehudib's Crystal Spear  Conj/Erth      5%         10d3      100%        8


Dungeon Overview and Level Annotations

Branches:
Dungeon (3/15)

Altars:
Fedhas
Zin

Annotations:
D:3 Sigmund


Innate Abilities, Weirdness & Mutations

You are immune to sickness and miasma.
Your stone body is resilient. (AC +4)
You are immune to poison.
You resist negative energy. (rN+)
You are resistant to electric shocks. (rElec)
You are resistant to unholy torment.
You are immune to petrification.


Message History

Sigmund casts a spell at you. The magic dart hits you!
Aiming: Sandblast (safe; 1% risk of failure)
Press: ? - help, Q - select action, (/) - cycle Shift-Dir - straight line, f/p - Sigmund
Aim: Sigmund, wielding a +4 scythe and wearing a +0 robe (81% to hit)
The blast of sand hits Sigmund.
Sigmund is lightly wounded.
Sigmund casts a spell at you.
You are confused.
You're too confused to cast spells.
Unknown command.
It was a potion of resistance.
You feel protected.
You're too confused to cast spells.
Unknown command.
Sigmund misses you. Sigmund hits you but does no damage.
Sigmund hits you from afar with a +4 scythe!
You're too confused to move!
You feel less confused.
Sigmund gestures wildly while chanting.
Sigmund flickers and vanishes!
Deactivating autopickup; reactivate with Ctrl-A.
Aiming: Sandblast (safe; 1% risk of failure)
Press: ? - help, Q - select action, (/) - cycle Shift-Dir - straight line, f - you That would be overly suicidal.
Okay, then.
Unknown command.
Something hits you!
* * * LOW HITPOINT WARNING * * *
It was a potion of attraction.
You feel attractive to monsters.
You are ready to recite again.
Something is attracted toward you. Something hits you.
* * * LOW HITPOINT WARNING * * *
You hear some strange, mumbled words.
A puff of flame appears from out of thin air!
The puff of flame misses you. Something is attracted toward you.
Something hits you!
You die...

.....####.....##.####### ..
.................#.....### ..#..
......#..........#.......# .#.#
......#.................. #..#
......#................ #..#
......#..............# #..#
......#.............§#########..#
...................§..<..........
................@....>...........
.....#######.##.##########.######
#.#.## #.# #.# # #.#.####### #.#
#.###### #.#.......# #.# #.......
....#####.## #.# #..#####
.............##.### #..#####
#.................# #..#....
#.#.#####.#####.#.######## #.###


There were no monsters in sight!

Vanquished Creatures
  Grinder (D:3)
  An adder (D:2)
  A worm (D:2)
  A dart slug (D:1)
  4 endoplasms
  2 giant cockroaches
  3 goblins (D:1)
  A hobgoblin (D:1)
  10 jackals (D:2)
  3 kobolds
  2 quokkas (D:1)
  8 ball pythons
  5 bats
  4 frilled lizards (D:1)
  3 rats
49 creatures vanquished.

Notes
Turn   | Place    | Note
-------+----------+-------------------------------------------
     0 | D:1      | SigmundSlayer the Gargoyle Earth Elementalist began the
                  | quest for the Orb.
     0 | D:1      | Reached XP level 1. HP: 10/10 MP: 3/3
    98 | D:1      | Reached skill level 4 in Earth Magic
   135 | D:1      | Reached XP level 2. HP: 15/15 MP: 1/5
   745 | D:1      | Reached XP level 3. HP: 19/19 MP: 4/6
   747 | D:1      | Reached skill level 5 in Earth Magic
  1104 | D:2      | Found a faded altar of an unknown god.
  1108 | D:2      | Prayed at the altar of an unknown god.
  1108 | D:2      | Became a worshipper of Zin the Law-Giver
  1108 | D:2      | Reached * piety under Zin
  1155 | D:2      | Reached ** piety under Zin
  1893 | D:2      | Reached skill level 1 in Invocations
  1894 | D:2      | Reached XP level 4. HP: 19/24 MP: 3/7
  2288 | D:3      | Noticed Grinder
  2295 | D:3      | HP: 1/24 [Grinder (2)]
  2296 | D:3      | Killed Grinder
  2297 | D:3      | Reached skill level 6 in Earth Magic
  2297 | D:3      | Reached XP level 5. HP: 1/28 MP: 1/8
  2297 | D:3      | Reached XP level 6. HP: 2/32 MP: 1/9
  2613 | D:3      | Found a blossoming altar of Fedhas.
  2692 | D:3      | Noticed Sigmund
  2707 | D:3      | Mangled by Sigmund

Illustrated notes

Levels and vault maps discovered:
D:1:      nzn_arrival_settlement, layout_basic, minmay_domino_4
D:2:      layout_loops_corners, hellmonk_ecumenical_altar_inner_sanctum,
          kennysheep_big_empty_room
D:3:      layout_basic, lemuel_crystal_altar, roderic_batcave, uniq_robin,
          uniq_grinder, uniq_sigmund

Skill      XL: |  1  2  3  4 |
---------------+-------------+-----
Earth Magic    | 4 5 6 |  6.8
Invocations    | 1 3 |  3.5
Dodging        | |  1.5
Stealth        | |  2.1
Spellcasting   | |  2.0
Transmutations | |  0.7

Action                   |  1- 3 |  4- 6 || total
-------------------------+-------+-------++-------
Melee: Unarmed           |     4 |       ||     4
 Cast: Sandblast         |    60 |    13 ||    73
Invok: Recite            |       |     1 ||     1
  Use: Potion            |     1 |     2 ||     3
Armor: Robe              |    19 |     3 ||    22
Dodge: Dodged            |    42 |     3 ||    45

Table legend: (Time is in decaauts)
 A = Elapsed time spent in this place.
 B = Non-inter-level travel time spent in this place.
 C = Inter-level travel time spent in this place.
 D = Time resting spent in this place.
 E = Time spent auto-exploring this place.
 F = Levels seen in this place.
 G = Mean time per level.
                   A        B        C        D        E       F      G
               +--------+--------+--------+--------+--------+-----+--------+
         Total |   2742 |   2691 |     51 |    538 |   1854 |   3 |  914.0 |
       Dungeon |   2742 |   2691 |     51 |    538 |   1854 |   3 |  914.0 |
               +--------+--------+--------+--------+--------+-----+--------+

Top non-repeatable levels by time:
     D:2: 1206 daAuts
     D:1: 965 daAuts
     D:3: 571 daAuts
